 Dungeon Crawl Stone Soup version 0.28.0 (webtiles) character file.

Game seed: 9513669512469985826

135 fiver49 the Magician (level 5, 0/38 HPs)
             Began as a Formicid Air Elementalist on Feb 17, 2022.
             Was an Initiate of Dithmenos.
             Slain by a crimson imp (4 damage)
             ... on level 3 of the Dungeon.
             The game lasted 00:06:44 (3747 turns).

fiver49 the Magician (Formicid Air Elementalist)    Turns: 3747, Time: 00:06:45

Health: 0/38       AC:  2    Str: 15    XL:     5   Next: 41%
Magic:  3/10       EV: 12    Int: 16    God:    Dithmenos [......]
Gold:   82         SH:  2    Dex:  9    Spells: 8/11 levels left

rFire   . . .      SeeInvis +   k - +1 hand axe "Woimulawn" {freeze, rN+ Will+ Str+2 Dex-2}
rCold   . . .      Faith    .   m - +0 buckler
rNeg    + . .      Spirit   .   a - +0 robe
rPois   .          Reflect  .   (helmet unavailable)
rElec   .          Harm     .   (no cloak)
rCorr   +          Rampage  .   (no gloves)
Will    +....                   (no boots)
Stlth   ++........              (no amulet)
HPRegen 0.12/turn               c - ring of resist corrosion
MPRegen 0.12/turn               (no ring)

@: no status effects
A: permanent stasis, dig shafts and tunnels, antennae 3, four strong arms
a: Dig, Shaft Self, Renounce Religion


You were on level 3 of the Dungeon.
You worshipped Dithmenos.
Dithmenos was noncommittal.
You visited 1 branch of the dungeon, and saw 3 of its levels.

You collected 82 gold pieces.

Inventory:

Hand Weapons
 e - a +0 short sword
   (You took it off a kobold on level 1 of the Dungeon)
 k - the +1 hand axe "Woimulawn" (weapon) {freeze, rN+ Will+ Str+2 Dex-2}
   (You found it on level 2 of the Dungeon)

   It freezes those it strikes, dealing additional cold damage.
   It can also slow down cold-blooded creatures.
   Str:       It affects your strength (+2).
   Dex:       It affects your dexterity (-2).
   rN:        It protects you from negative energy.
   Will:      It increases your willpower.
Missiles
 f - 8 boomerangs (quivered)
Armour
 a - a +0 robe (worn)
 m - a +0 buckler (worn)
   (You took it off an orc on level 3 of the Dungeon)
Jewellery
 c - a ring of resist corrosion (left hand)
   (You found it on level 1 of the Dungeon)
 n - an amulet of faith
   (You found it on level 3 of the Dungeon)
Scrolls
 b - 2 scrolls of fear {unknown}
 d - 6 scrolls of identify {unknown}
 g - 2 scrolls of immolation {unknown}
 h - a scroll of noise {unknown}
 i - a scroll of blinking {unknown}
Potions
 j - a potion of brilliance {unknown}
 l - a potion of degeneration {unknown}


   Skills:
 - Level 2.0 Fighting
 - Level 3.0 Dodging
 - Level 2.4 Stealth
 * Level 3.5 Spellcasting
 - Level 0.8 Conjurations
 + Level 2.9 Air Magic


You had 8 spell levels left.
You knew the following spells:

 Your Spells              Type           Power      Damage    Failure   Level
a - Shock                 Conj/Air       32%        1d5       11%         1
b - Static Discharge      Conj/Air       8%         N/A       16%         2

Your spell library contained the following spells:

 Spells                   Type           Power      Damage    Failure   Level
 Sublimation of Blood     Necr           2%         N/A       34%         2
 Airstrike                Air            6%         N/A       56%         4
 Petrify                  Tmut/Erth      2%         N/A       92%         4
 Irradiate                Conj/Tmut      2%         3d14      99%         5
 Swiftness                Air            Unusable   N/A       N/A         3

Dungeon Overview and Level Annotations

Branches:
Dungeon (3/15)

Altars:
Ashenzari
Dithmenos
Nemelex Xobeh
Vehumet
Xom
Zin

Annotations:
D:3 exclusions: orc and orc priest


Innate Abilities, Weirdness & Mutations

You cannot be hasted, slowed, berserked, paralysed or teleported.
You can dig through walls and to a lower floor.
You have a pair of large antennae on your head. (SInv)
Your four strong arms can wield two-handed weapons with a shield.


Message History

The crimson imp grinds its teeth.
The crimson imp closely misses you.
You completely miss the crimson imp. The crimson imp barely misses you.
You catch the helpless crimson imp completely off-guard!
You hit the crimson imp. You freeze the crimson imp.
The crimson imp is heavily wounded.
You miss the crimson imp.
The crimson imp grins evilly.
The crimson imp completely misses you.
You hit the crimson imp. You freeze the crimson imp.
You kill the crimson imp!
Dithmenos accepts your kill.
You miss the crimson imp. The crimson imp hits you.
You catch the helpless crimson imp completely off-guard!
You hit the crimson imp but do no damage.
The crimson imp hits you but does no damage.
The crimson imp misses you.
You closely miss the crimson imp.
The crimson imp blinks!
You hit the crimson imp. You freeze the crimson imp.
The crimson imp is severely wounded.
You flicker for a moment.
Casting: Static Discharge (safe; 16% risk of failure)
Confirm with . or Enter, or press ? or * to list all spells.
Aiming: Shock (safe; 11% risk of failure)
Press: ? - help, Shift-Dir - straight line, f - crimson imp
Aim: a crimson imp (52% to hit)
The zap misses the crimson imp. x2
The crimson imp shouts!
You hear a shout!
Unknown command.
Casting: Shock (safe; 11% risk of failure)
Confirm with . or Enter, or press ? or * to list all spells.
Aiming: Shock (safe; 11% risk of failure)
Press: ? - help, Shift-Dir - straight line, f/p - crimson imp
Aim: a crimson imp (52% to hit)
The zap hits the crimson imp.
The crimson imp is lightly wounded.
The crimson imp grins evilly.
Unknown command.
You strike the helpless crimson imp from behind!
You hit the crimson imp but do no damage.
The crimson imp blinks!
You closely miss the crimson imp.
You flicker back into view.
The crimson imp hits you.
You closely miss the crimson imp.
The crimson imp blinks!
The crimson imp closely misses you.
You miss the crimson imp. The crimson imp hits you. x2
You barely miss the crimson imp. The crimson imp hits you.
The crimson imp misses you.
You hit the crimson imp but do no damage. x2
You block the crimson imp's attack. The crimson imp hits you.
You hit the crimson imp but do no damage.
You barely miss the crimson imp. The crimson imp hits you.
The crimson imp closely misses you.
The crimson imp blinks!
The crimson imp completely misses you.
You are too injured to fight recklessly!
You are too injured to fight recklessly!
You are too injured to fight recklessly!
You are too injured to fight recklessly!
You closely miss the crimson imp. x2; The crimson imp hits you. x2
The crimson imp misses you.
The crimson imp blinks!
Your magical contamination has completely faded away.
You closely miss the crimson imp.
You hit the crimson imp but do no damage.
The crimson imp blinks!
The crimson imp closely misses you.
You closely miss the crimson imp. The crimson imp hits you.
You closely miss the crimson imp. The crimson imp misses you.
The crimson imp hits you.
You hit the crimson imp. You freeze the crimson imp.
The crimson imp is severely wounded.
The crimson imp shouts, "Slither away, thou foisting moldwarp bum-bailey!"
The crimson imp closely misses you.
You closely miss the crimson imp.
The crimson imp is severely wounded.
You hit the crimson imp. You freeze the crimson imp.
The crimson imp hits you. x2
* * * LOW HITPOINT WARNING * * *
The crimson imp hits you.
* * * LOW HITPOINT WARNING * * *
You barely miss the crimson imp.
The crimson imp is heavily wounded.
You miss the crimson imp. The crimson imp hits you.
* * * LOW HITPOINT WARNING * * *
The crimson imp hits you but does no damage.
The crimson imp closely misses you.
You barely miss the crimson imp.
The crimson imp is heavily wounded.
You hit the crimson imp. You freeze the crimson imp.
The crimson imp barely misses you.
The crimson imp blinks!
Unknown command.
You closely miss the crimson imp.
You hit the crimson imp but do no damage.
The crimson imp hits you.
* * * LOW HITPOINT WARNING * * *
The crimson imp closely misses you. The crimson imp hits you.
* * * LOW HITPOINT WARNING * * *
Unknown command.
You barely miss the crimson imp.
You hit the crimson imp but do no damage.
The crimson imp hits you with a +1 dagger of chaos.
You die...

#......................#
#.###.##.....#####.###.# #.#
#.###...## #.###.# #.# #.####.##
#...... #########.# #......#
#####.# #.........# ######.# #.#
#.#######.# ##'## ##.#
#.#######.#######...## #...
#........#.##.5@5....## ##.#.
#.<##...#####'####....## ##....
#..##.#..#.^...^5#.....####...##
#..##....###.5.###..{>.+........
#..##....#
^...ยงยง#.....####...#.
#........####+####....## ##.##.
##.........##........## ####.
#####.##########...## #. #.#
##'## #.


You could see 2 crimson imps.

Vanquished Creatures
  A crimson imp (D:3)
  5 adders
  A worm (D:3)
  2 dart slugs
  6 orcs (D:3)
  6 ball pythons
  5 endoplasms
  2 goblins
  A hobgoblin (D:1)
  2 quokkas
  3 bats (D:1)
  A frilled lizard (D:1)
  A kobold (D:1)
  7 rats
43 creatures vanquished.

Vanquished Creatures (others)
  A plant (D:1)
1 creature vanquished.

Grand Total: 44 creatures vanquished

Notes
Turn   | Place    | Note
-------+----------+-------------------------------------------
     0 | D:1      | fiver49 the Formicid Air Elementalist began the quest for
                  | the Orb.
     0 | D:1      | Reached XP level 1. HP: 13/13 MP: 3/3
   211 | D:1      | Reached skill level 2 in Dodging
   432 | D:1      | Reached skill level 1 in Fighting
   432 | D:1      | Reached XP level 2. HP: 21/21 MP: 3/5
  1046 | D:1      | Reached XP level 3. HP: 27/27 MP: 4/6
  1117 | D:1      | Found a faded altar of an unknown god.
  1539 | D:2      | Reached skill level 2 in Fighting
  1666 | D:2      | Reached skill level 3 in Dodging
  1895 | D:2      | Identified the +1 hand axe "Woimulawn" {freeze, rN+ Will+
                  | Str+2 Dex-2}
  2010 | D:2      | Reached XP level 4. HP: 33/33 MP: 2/7
  2099 | D:2      | Found a glowing silver altar of Zin.
  2234 | D:3      | Found a shadowy altar of Dithmenos.
  2252 | D:3      | Became a worshipper of Dithmenos the Shadowed
  2329 | D:3      | Found a sparkling altar of Nemelex Xobeh.
  2386 | D:3      | HP: 8/33 [orc (3)]
  2891 | D:3      | Learned a level 2 spell: Static Discharge
  2918 | D:3      | Reached skill level 3 in Spellcasting
  3075 | D:3      | Found a radiant altar of Vehumet.
  3316 | D:3      | Reached XP level 5. HP: 38/38 MP: 3/9
  3371 | D:3      | Found a broken altar of Ashenzari.
  3714 | D:3      | Found a shimmering altar of Xom.
  3743 | D:3      | HP: 9/38 [crimson imp (2)]
  3746 | D:3      | HP: 4/38 [crimson imp (3)]
  3747 | D:3      | Slain by a crimson imp

Illustrated notes

Levels and vault maps discovered:
D:1:      erik_arrival_cave_to_civilisation [erik_arrival_cave_to_hall],
          layout_basic, shapermc_ecumenical_altar_hornbeckon
D:2:      layout_basic, basic_altar, minmay_misc_feat_tower
D:3:      layout_loops_corners, general_overflow_altar,
          mainiacjoe_overflow_concentric_impassable, led_xom_imps,
          nicolae_dithmenos_through_a_glass_darkly,
          nemelex_xobeh_ov_fountains_minmay

Skill      XL: |  1  2  3  4 |
---------------+-------------+-----
Dodging        | 2 3 |  3.0
Fighting       | 1 2 |  2.0
Spellcasting   | 3 |  3.5
Stealth        | |  2.4
Conjurations   | |  0.8
Air Magic      | |  2.9

Action                   |  1- 3 |  4- 6 || total
-------------------------+-------+-------++-------
Melee: Unarmed           |    18 |       ||    18
       Short sword       |     5 |       ||     5
       Hand axe          |       |    52 ||    52
Throw: Boomerang         |     1 |     1 ||     2
 Cast: Shock             |    52 |    50 ||   102
       Static Discharge  |       |     6 ||     6
 Stab: Invisible         |       |     3 ||     3
Armor: Robe              |     3 |     4 ||     7
Dodge: Dodged            |    14 |    41 ||    55
Block: Buckler           |       |     1 ||     1

Table legend: (Time is in decaauts)
 A = Elapsed time spent in this place.
 B = Non-inter-level travel time spent in this place.
 C = Inter-level travel time spent in this place.
 D = Time resting spent in this place.
 E = Time spent auto-exploring this place.
 F = Levels seen in this place.
 G = Mean time per level.
                   A        B        C        D        E       F      G
               +--------+--------+--------+--------+--------+-----+--------+
         Total |   3768 |   3716 |     52 |    275 |   3006 |   3 | 1256.0 |
       Dungeon |   3768 |   3716 |     52 |    275 |   3006 |   3 | 1256.0 |
               +--------+--------+--------+--------+--------+-----+--------+

Top non-repeatable levels by time:
     D:3: 1608 daAuts
     D:1: 1509 daAuts
     D:2: 650 daAuts

Table legend:
 A = Kills in this place as a percentage of kills in entire the game.
 B = Kills by you in this place as a percentage of kills by you in the entire game.
 C = Kills by friends in this place as a percentage of kills by friends in the entire game.
 D = Other kills in this place as a percentage of other kills in the entire game.
 E = Experience gained in this place as a percentage of experience gained in the entire game.
 F = Experience gained in this place divided by the number of levels of this place that you have seen.
                   A       B       C       D       E      F
               +-------+-------+-------+-------+-------+----------------------
         Total | 100.0 | 100.0 |   N/A |   N/A | 100.0 |  64.3
       Dungeon | 100.0 | 100.0 |   N/A |   N/A | 100.0 |  64.3
               +-------+-------+-------+-------+-------+----------------------
